AoeStats
← waLLefps.

Nomad

503377800Analyzed
1v1 RM · 1mo ago on Aug 31, 2026· 74m 18s· 2 players
Game mode
Random Map
Map size
126×126
Population
200
Speed
Normal
Resources
Standard
Victory
Conquest
Starting age
Dark Age
Ending age
Imperial Age
RankedLock teamsTeams togetherTeam positionsShared explorationLock speedFull tech treeHidden civsTurbo modeCheats
Victory
Defeat
🇨🇳 Sicilians · China
1373
+18
🇹🇷 Vietnamese · Türkiye
1409
-18
lookatyouzaD
13:40 Feudal Age
15:03 Loom
17:58 Castle Age
15:45 Double-Bit Axe
16:31 Horse Collar
16:50 Stone Mining
16:55 Gold Mining
16:56 Stone Mining
17:04 Town Watch
18:26 Wheelbarrow
18:52 Bow Saw
21:36 Hand Cart
24:03 Heavy Plow
24:31 Fletching
29:43 Bodkin Arrow
32:44 Imperial Age
31:42 Gold Shaft Mining
31:43 Stone Shaft Mining
31:24 Squires
31:36 Scale Mail Armor
32:20 First Crusade
32:47 Chain Mail Armor
32:44 Forging
34:01 Plate Mail Armor
34:06 Iron Casting
32:56 Elite Serjeant
34:25 Plate Mail Armor
35:06 Iron Casting
35:29 Conscription
37:45 Blast Furnace
41:50 Bracer
49:54 Town Patrol
50:23 Ballistics
50:22 Arrowslits
58:55 Crop Rotation
58:40 Guilds
60:18 Chemistry
59:29 Masonry
waLLefps.
3:48 Loom
18:07 Feudal Age
19:03 Fishing Lines
19:16 Double-Bit Axe
21:37 Castle Age
20:01 Fletching
20:11 Padded Archer Armor
20:08 Gold Mining
22:30 Bow Saw
22:17 Bodkin Arrow
22:21 Gillnets
23:01 Leather Archer Armor
27:10 Imperial Age
24:37 Town Watch
26:07 Crossbowman
26:53 Thumb Ring
27:33 Ballistics
27:42 Clinker Construction
29:19 Wheelbarrow
29:25 Bracer
30:28 Arbalester
32:40 Two-Man Saw
35:54 Elite Rattan Archer
39:56 Ring Archer Armor
62:36 Murder Holes
Connection lost

Rejoining the realm…

Still unreachable

The connection could not be restored.

Session expired

The server has moved on; the page needs a fresh start.